 Dungeon Crawl Stone Soup version 0.17.0-28-g6e173f8 (webtiles) character file.

83 GeneralIdiocy the Grave Robber (level 4, -6/30 HPs)
             Began as a Demonspawn Necromancer on Dec 3, 2015.
             Killed by divine providence
             ... invoked by an orc priest
              (10 damage)
             ... on level 3 of the Dungeon.
             The game lasted 00:03:47 (2933 turns).

GeneralIdiocy the Grave Robber (DsNe)               Turns: 2933, Time: 00:03:47

Health: -6/30      AC:  2    Str:  9    XL:     4   Next: 22%
Magic:  0/7        EV: 17    Int: 16    God:
Gold:   42         SH:  0    Dex: 19    Spells: 1 memorised, 6 levels left

rFire  . . .     SeeInvis .     e - -1 spear (curse)
rCold  . . .     Clarity  .     a - +0 robe
rNeg   . . .     SustAt   .     (no shield)
rPois  .         Gourm    .     (no helmet)
rElec  .         Spirit   +     (no cloak)
rCorr  .         Warding  .     (no gloves)
rMut   .         Stasis   .     (no boots)
MR     .....                    h - amulet of inaccuracy (curse)
Stlth  +++.......               (no ring)
                                (no ring)

@: agile, not resistant to hostile enchantments, fairly stealthy
A: powered by pain 1, magic shield
a: no special abilities


You were on level 3 of the Dungeon.
You were near starving.

You visited 1 branch of the dungeon, and saw 3 of its levels.

You collected 42 gold pieces.

Inventory:

Hand Weapons
 e - a cursed -1 spear (weapon)
 m - a +2 flail of protection
Armour
 a - a +0 robe (worn)
Jewellery
 h - a cursed amulet of inaccuracy (around neck)
Scrolls
 l - a scroll of teleportation
Potions
 d - a potion of agility
 f - 2 potions of magic {unknown}
 g - 3 potions of might {unknown}
 i - a potion of degeneration {unknown}
 k - a potion of curing {unknown}
 n - a potion of ambrosia {unknown}
 o - a potion of berserk rage {unknown}
Books
 b - a book of Necromancy

   Spells                             Type                      Level
   a - Pain                           Necromancy                   1
   b - Animate Skeleton               Necromancy                   1
   c - Vampiric Draining              Necromancy                   3
   d - Regeneration                   Charms/Necromancy            3
   e - Animate Dead                   Necromancy                   4
   f - Control Undead                 Necromancy                   4
Comestibles
 c - a bread ration


   Skills:
 - Level 1.7 Dodging
 - Level 1.7 Stealth
 - Level 2.0 Spellcasting
 + Level 6.3 Necromancy


You had 6 spell levels left.
You knew the following spells:

 Your Spells              Type           Power        Failure   Level  Hunger
a - Pain                  Necr           ###.         1%          1    #......


Dungeon Overview and Level Annotations

Branches:
Dungeon (3/15)

Altars:
Ru


Innate Abilities, Weirdness & Mutations

You sometimes gain a little power by taking damage.
When hurt, damage is shared between your health and your magic reserves.


Message History

Casting: Pain
Confirm with . or Enter, or press ? or * to list all spells.
Aiming: Pain
Press: ? - help, Shift-Dir - straight line, f/p - orc
Aim: an orc, wielding a whip (heavily wounded, chance to defeat MR: 95%)
The orc convulses in agony!
The orc barely misses you.
Casting: Pain
Confirm with . or Enter, or press ? or * to list all spells.
You don't have enough magic to cast that spell.
Unknown command.
You miss the orc.
The orc is severely wounded.
The orc completely misses you. The orc closely misses you.
The orc priest invokes the aid of Beogh against you.
Something smites you!
* * * LOW HITPOINT WARNING * * *
The orc priest mumbles some strange prayers to Beogh against you.
Something smites you!
You die...

..#.# ##...# ....
#... #..# #..#
#######..########
..(......o.o.@<.#
######.#o#####.#
#<#....##.#
#o####.##.#
.ooo..)..?# ##.#
.oo.......... #.#
.######.#.##.##.#
#.... ##.# #..#..
...


You could see an orc priest and 2 orcs.

Vanquished Creatures
  3 gnolls (D:2)
  An adder (D:2)
  An ooze (D:1)
  A worm (D:2)
  An orc (D:3)
  A giant cockroach (D:1)
  4 hobgoblins
  3 jackals (D:1)
  5 kobolds
  6 bats
  3 giant geckos
  2 giant newts
  7 goblins
  4 rats
42 creatures vanquished.

Notes
Turn   | Place    | Note
--------------------------------------------------------------
     0 | D:1      | GeneralIdiocy the Demonspawn Necromancer began the quest for the Orb.
     0 | D:1      | Reached XP level 1. HP: 13/13 MP: 3/3
   585 | D:1      | Gained mutation: When hurt, damage is shared between your health and your magic reserves. [demonic ancestry]
   585 | D:1      | Reached XP level 2. HP: 5/19 MP: 1/5
   605 | D:1      | Reached skill level 5 in Necromancy
  1601 | D:1      | Reached XP level 3. HP: 16/24 MP: 4/6
  1938 | D:2      | Found a sacrificial altar of Ru.
  2568 | D:2      | Reached skill level 6 in Necromancy
  2575 | D:2      | Gained mutation: You sometimes gain a little power by taking damage. [demonic ancestry]
  2575 | D:2      | Reached XP level 4. HP: 11/30 MP: 1/7
  2933 | D:3      | Killed from afar by an orc priest

Action                   |  1- 3 |  4- 6 || total
-------------------------+-------+-------++-------
Melee: Spear             |   133 |    12 ||   145
 Cast: Pain              |    32 |     7 ||    39
  Use: Scroll            |     5 |     1 ||     6
 Stab: Sleeping          |     1 |     1 ||     2
  Eat: Chunk             |     5 |       ||     5
